 Dungeon Crawl Stone Soup version 0.29.0-15-g675c0067aa (webtiles) character file.

Game seed: 17657821219163594408

22703 qw the Warrior (level 12, -4/122 HPs)
             Began as a Minotaur Berserker on Sept 12, 2022.
             Was a Priest of Trog.
             Killed from afar by a rime drake (27 damage)
             ... with a flash freeze
             ... on level 5 of the Lair of Beasts.
             The game lasted 00:05:23 (15427 turns).

qw the Warrior (Minotaur Berserker)                Turns: 15427, Time: 00:05:23

Health: -4/122     AC: 29    Str: 31    XL:     12   Next: 65%
Magic:  11/11      EV: 10    Int:  8    God:    Trog [***...]
Gold:   933        SH:  0    Dex: 10    Spells: 11/11 levels left

rFire   . . .      SeeInvis .   o - +3 flail (protect)
rCold   . . .      Faith    .   (no shield)
rNeg    . . .      Spirit   .   n - +0 plate armour
rPois   .          Reflect  .   (helmet unavailable)
rElec   .          Harm     .   (no cloak)
rCorr   .          Rampage  .   (no gloves)
Will    .....                   f - +1 pair of boots
Stlth   ..........              g - amulet of the acrobat
HPRegen 0.30/turn               a - +4 ring of protection
MPRegen 0.12/turn               j - +6 ring of strength

@: about to teleport, under a protective aura, on berserk cooldown, slowed, very
slow
A: horns 3, retaliatory headbutt, clever 1, MP-powered wands
a: Renounce Religion, Berserk, Trog's Hand


You were on level 5 of the Lair of Beasts.
You worshipped Trog.
Trog was most pleased with you.
You visited 2 branches of the dungeon, and saw 13 of its levels.
You also visited: Ossuary.

You collected 933 gold pieces.


Innate Abilities, Weirdness & Mutations

You have a pair of large horns on your head.
You reflexively headbutt those who attack you in melee.
Your mind is acute. (Int +4, Str/Dex -1)
You expend magic power (3 MP) to strengthen your wands.


   Skills:
 + Level 15.8 Fighting
 - Level 14.0 Axes
 - Level 3.7 Throwing
 - Level 13.2 Armour
 - Level 6.0 Dodging


You had 11 spell levels left.
You didn't know any spells.
Your spell library was empty.

Inventory:

Hand Weapons
 o - a +3 flail of protection (weapon)
 Y - a +5 hand axe of draining
Armour
 f - a +1 pair of boots (worn)
 n - a +0 plate armour (worn)
Jewellery
 a - a +4 ring of protection (left hand)
 e - a ring of fire
 g - an amulet of the acrobat (around neck)
 j - a +6 ring of strength (right hand)
Scrolls
 c - a scroll of identify
Potions
 b - 2 potions of might
 d - 6 potions of curing
 k - 2 potions of mutation
 l - 6 potions of haste
 m - a potion of resistance
 p - a potion of heal wounds

Dungeon Overview and Level Annotations

Branches:
Dungeon (8/15)             Temple (0/1) D:5            Lair (5/5) D:8
  Swamp (0/4) Lair:3       Spider (0/4) Lair:3      Ossuary (visited)
  Slime: Lair:4-5

Altars:
Ashenzari
Cheibriados
Dithmenos
Elyvilon
Okawaru
Vehumet
Yredelemnul

Shops:
D:1 !

Annotations:
D:3 2 transporters, qw's ghost, amateur MiBe
D:5 3 runed translucent doors, qw's ghost, weakling GrDe
Lair:2 2 transporters, qw's ghost, journeyman MiBe
Lair:3 3 runed translucent doors, qw's ghost, journeyman GrFi
Lair:5 1 runed translucent door


Message History

Your weapon exudes an aura of protection.
The five-headed hydra is heavily wounded.
The five-headed hydra bites you but does no damage.
The five-headed hydra barely misses you.
The five-headed hydra closely misses you.
The five-headed hydra bites you but does no damage.
The five-headed hydra barely misses you.
You sock the five-headed hydra!
The five-headed hydra is severely wounded.
The blink frog blinks!
The five-headed hydra bites you but does no damage. x3
The five-headed hydra bites you! x2
The five-headed hydra bites you but does no damage.
The five-headed hydra bites you.
The five-headed hydra bites you but does no damage.
The five-headed hydra barely misses you.
The five-headed hydra bites you but does no damage.
The blink frog barely misses you.
15426 ||| READING scroll of teleportation.
As you read the scroll of teleportation, it crumbles to dust.
You feel strangely unstable. The blink frog barely misses you.
The five-headed hydra closely misses you.
The five-headed hydra bites you!
The five-headed hydra bites you but does no damage.
The five-headed hydra closely misses you.
The five-headed hydra bites you.
A rime drake comes into view.
The blink frog blinks!
The blink frog barely misses you. You furiously retaliate!
You headbutt the blink frog!
15427 ||| DRINKING 2 potions of heal wounds.
You feel much better.
The five-headed hydra closely misses you.
The five-headed hydra bites you but does no damage. x2
The five-headed hydra barely misses you.
The five-headed hydra bites you but does no damage.
The blink frog barely misses you. The rime drake breathes ice at you.
The flash freeze hits you!!
You die...

#.~~~~~~~~~......
#.~~~~~~~~~......#
#.~~~~~~~~~...#..#
##~~~~~..~~~..#....
P~.~~~~<~~~~~.#.?#
#~.~~~.~~~~~..(...
~.~~~~~~~~~~..#..
##.~~~~~~~FDF.+
#..~~~~~~ยค~@..#
#P.......~.........
...............###.
.................
P...............#
.................
.........####+##
.k.....## .~.#


You could see a five-headed hydra, 2 blink frogs and a rime drake (catching
breath).

Vanquished Creatures
  Fannar (Lair:3)
  2 hydras
  3 black mambas
  4 cane toads
  4 torpor snails
  6 komodo dragons
  A polar bear (Lair:1)
  10 blink frogs
  A jumping spider (Lair:3)
  3 wyverns
  30 yaks
  A redback (Lair:3)
  A steam dragon (D:8)
  Grum (D:8)
  2 swamp worms (Lair:3)
  9 water moccasins
  4 ice beasts
  An orc warrior (D:8)
  2 sky beasts (D:7)
  3 black bears
  2 ogres
  8 wolves
  2 centaurs
  A phantom (D:4)
  A kobold brigand (D:7)
  An elf zombie (Ossuary)
  14 bullfrogs
  2 necrophages
  7 scorpions
  9 wights
  A water moccasin zombie (D:5)
  3 killer bees (D:7)
  3 howler monkeys
  5 hounds
  An orc priest (D:8)
  2 jellies
  Natasha (thrice) (D:2)
  2 gnoll boudas (D:8)
  4 iguanas
  9 hell rats
  Terence (D:2)
  A hound zombie (D:5)
  2 mummies (Ossuary)
  9 adders
  17 gnolls
  6 river rats (D:7)
  2 shadow imps
  3 white imps
  2 ufetubi
  3 adder zombies (Ossuary)
  A worm (D:5)
  A dart slug (D:5)
  10 orcs
  7 bats
  11 endoplasms
  2 giant cockroaches (D:1)
  5 goblins
  7 hobgoblins
  3 jackals (D:4)
  12 quokkas
  3 ball pythons
  2 frilled lizards
  16 hobgoblin zombies (Ossuary)
  2 jackal zombies (Ossuary)
  11 kobolds
  9 kobold zombies (Ossuary)
  6 orc zombies (Ossuary)
  23 rats
346 creatures vanquished.

Vanquished Creatures (collateral kills)
  3 hydras (Lair:3)
  A redback (Lair:3)
  A water moccasin (Lair:3)
  A wolf (D:8)
6 creatures vanquished.

Vanquished Creatures (others)
  A bush (Lair:2)
  18 fungi
  23 plants
42 creatures vanquished.

Grand Total: 394 creatures vanquished

Notes
Turn   | Place    | Note
-------+----------+-------------------------------------------
     0 | D:1      | qw the Minotaur Berserker began the quest for the Orb.
     0 | D:1      | Reached XP level 1. HP: 19/19 MP: 0/0
     0 | D:1      | 0 ||| qw: Version: 0.1-a-119-g272c26d
     0 | D:1      | 0 ||| qw: Game counter: 11021
     0 | D:1      | 0 ||| qw: Always use a shield: true
     0 | D:1      | 0 ||| qw: Do Orc after D:15 true
     0 | D:1      | 0 ||| qw: Do second Lair branch before Depths: true
     0 | D:1      | 0 ||| qw: Lair rune preference: random
     0 | D:1      | 0 ||| qw: Plans: Normal
     0 | D:1      | 0 ||| PLANNING D:1-11
   223 | D:1      | Reached XP level 2. HP: 23/26 MP: 1/1
   266 | D:1      | Found a faded altar of an unknown god.
   322 | D:1      | Found Doiviamo's Distillery.
   325 | D:1      | 325 ||| SHOPLISTING potion of curing (42 gold, have 20).
   325 | D:1      | 325 ||| SHOPLISTING potion of haste (140 gold, have 20).
   560 | D:1      | 560 ||| Stepping ~*~*~tactically~*~*~ (stealth).
   686 | D:1      | 686 ||| READING scroll labelled MOKYWI VOEW.
   687 | D:1      | 687 ||| READING scroll labelled MOACWEU JISYCUUM.
   688 | D:1      | 688 ||| READING scroll labelled EGELUXYNIR.
   702 | D:2      | Noticed Terence
   703 | D:2      | 703 ||| INVOKING Berserk.
   704 | D:2      | 704 ||| STAIRDANCE
   837 | D:2      | 837 ||| INVOKING Berserk.
   839 | D:2      | Killed Terence
   840 | D:2      | Reached XP level 3. HP: 31/31 MP: 2/2
   844 | D:2      | 844 ||| STAIRDANCE
   965 | D:2      | Noticed Natasha
   966 | D:2      | 966 ||| INVOKING Berserk.
   974 | D:2      | Killed Natasha
   975 | D:2      | Reached skill level 6 in Axes
   975 | D:2      | Reached XP level 4. HP: 24/39 MP: 3/3
  1342 | D:2      | Found a white marble altar of Elyvilon.
  1447 | D:2      | 1447 ||| Stepping ~*~*~tactically~*~*~ (hiding).
  1452 | D:2      | 1452 ||| INVOKING Berserk.
  1465 | D:2      | 1465 ||| Stepping ~*~*~tactically~*~*~ (stealth).
  1466 | D:2      | 1466 ||| Stepping ~*~*~tactically~*~*~ (stealth).
  1467 | D:2      | 1467 ||| Stepping ~*~*~tactically~*~*~ (stealth).
  1471 | D:2      | Noticed Natasha
  1475 | D:2      | HP: 8/39 [Natasha (7)]
  1476 | D:2      | HP: 1/39 [shadow imp[Natasha] (5)]
  1477 | D:2      | Killed Natasha
  1478 | D:2      | Reached XP level 5. HP: 1/45 MP: 4/4
  1514 | D:2      | 1514 ||| FLEEEEING.
  1527 | D:2      | Noticed Natasha
  1531 | D:2      | 1531 ||| INVOKING Berserk.
  1531 | D:2      | HP: 7/67 [Natasha (7)]
  1535 | D:2      | Killed Natasha
  1536 | D:2      | Reached skill level 4 in Fighting
  1850 | D:2      | 1850 ||| Stepping ~*~*~tactically~*~*~ (stealth).
  2018 | D:2      | 2018 ||| Stepping ~*~*~tactically~*~*~ (hiding).
  2020 | D:2      | 2020 ||| Stepping ~*~*~tactically~*~*~ (hiding).
  2023 | D:2      | 2023 ||| Stepping ~*~*~tactically~*~*~ (hiding).
  2288 | D:2      | 2288 ||| UPGRADING to +0 scale mail.
  2298 | D:2      | 2298 ||| DROPPING +0 animal skin.
  2299 | D:2      | 2299 ||| READING scroll labelled HACOARCH BUOROLEY.
  2300 | D:2      | 2300 ||| READING scroll labelled RUIN POOSEO.
  2363 | D:3      | Found an iron altar of Okawaru.
  2460 | D:3      | Found a transporter.
  2460 | D:3      | Noticed qw's ghost (amateur MiBe)
  2530 | D:3      | 2530 ||| Stepping ~*~*~tactically~*~*~ (stealth).
  2531 | D:3      | 2531 ||| Stepping ~*~*~tactically~*~*~ (stealth).
  2553 | D:3      | 2553 ||| Stepping ~*~*~tactically~*~*~ (stealth).
  2554 | D:3      | 2554 ||| Stepping ~*~*~tactically~*~*~ (stealth).
  2563 | D:3      | 2563 ||| Stepping ~*~*~tactically~*~*~ (stealth).
  2566 | D:3      | 2566 ||| Stepping ~*~*~tactically~*~*~ (stealth).
  2603 | D:3      | 2603 ||| Stepping ~*~*~tactically~*~*~ (stealth).
  2650 | D:3      | 2650 ||| Stepping ~*~*~tactically~*~*~ (stealth).
  2659 | D:3      | 2659 ||| Stepping ~*~*~tactically~*~*~ (stealth).
  2675 | D:3      | 2675 ||| Stepping ~*~*~tactically~*~*~ (stealth).
  2685 | D:3      | 2685 ||| Stepping ~*~*~tactically~*~*~ (stealth).
  2686 | D:3      | 2686 ||| Stepping ~*~*~tactically~*~*~ (stealth).
  2911 | D:3      | Found a transporter.
  2917 | D:3      | 2917 ||| Stepping ~*~*~tactically~*~*~ (stealth).
  2958 | D:3      | Reached ** piety under Trog
  2974 | D:3      | Found a radiant altar of Vehumet.
  2974 | D:3      | Noticed a frost-covered statue
  2976 | D:3      | 2976 ||| FLEEEEING.
  2977 | D:3      | 2977 ||| FLEEEEING.
  3010 | D:3      | 3010 ||| FLEEEEING.
  3011 | D:3      | 3011 ||| FLEEEEING.
  3012 | D:3      | 3012 ||| FLEEEEING.
  3013 | D:3      | 3013 ||| FLEEEEING.
  3014 | D:3      | 3014 ||| FLEEEEING.
  3015 | D:3      | 3015 ||| FLEEEEING.
  3241 | D:3      | 3241 ||| UPGRADING to +0 pair of boots.
  3246 | D:3      | 3246 ||| READING scroll labelled TEONWAGYSS.
  3247 | D:3      | 3247 ||| DRINKING 2 golden potions.
  3295 | D:4      | Noticed an ogre
  3299 | D:4      | 3299 ||| INVOKING Berserk.
  3301 | D:4      | Killed an ogre
  3302 | D:4      | Reached XP level 6. HP: 52/52 MP: 5/5
  3481 | D:4      | 3481 ||| Stepping ~*~*~tactically~*~*~ (stealth).
  3483 | D:4      | 3483 ||| Stepping ~*~*~tactically~*~*~ (hiding).
  3484 | D:4      | 3484 ||| INVOKING Berserk.
  3500 | D:4      | Reached skill level 9 in Axes
  3612 | D:4      | 3612 ||| DROPPING +0 whip.
  3775 | D:4      | 3775 ||| Stepping ~*~*~tactically~*~*~ (stealth).
  3822 | D:4      | Reached XP level 7. HP: 57/60 MP: 6/6
  3832 | D:4      | Identified the +5 sling of the Pyrrhic Victory {freeze,
                  | rElec Str+2}
  3834 | D:4      | 3834 ||| FLEEEEING.
  3835 | D:4      | 3835 ||| FLEEEEING.
  3836 | D:4      | 3836 ||| FLEEEEING.
  3837 | D:4      | 3837 ||| FLEEEEING.
  3838 | D:4      | 3838 ||| FLEEEEING.
  3839 | D:4      | 3839 ||| FLEEEEING.
  3989 | D:4      | Reached skill level 5 in Fighting
  4190 | D:4      | 4190 ||| UPGRADING to +0 plate armour.
  4200 | D:4      | 4200 ||| DROPPING +0 scale mail.
  4201 | D:4      | 4201 ||| DROPPING amulet of faith.
  4202 | D:4      | 4202 ||| READING scroll labelled XUOL TAJOMETY.
  4205 | D:5      | Entered Level 5 of the Dungeon
  4218 | D:5      | Reached skill level 3 in Armour
  4218 | D:5      | 4218 ||| STAIRDANCE
  4270 | D:5      | 4270 ||| Stepping ~*~*~tactically~*~*~ (hiding).
  4271 | D:5      | 4271 ||| Stepping ~*~*~tactically~*~*~ (hiding).
  4302 | D:5      | 4302 ||| FLEEEEING.
  4303 | D:5      | 4303 ||| FLEEEEING.
  4304 | D:5      | 4304 ||| FLEEEEING.
  4305 | D:5      | 4305 ||| FLEEEEING.
  4404 | D:5      | 4404 ||| INVOKING Berserk.
  4541 | D:5      | Found a runed translucent gate.
  4541 | D:5      | Noticed qw's ghost (weakling GrDe)
  4542 | D:5      | Found a runed translucent gate.
  4554 | D:5      | Reached skill level 6 in Fighting
  4554 | D:5      | Reached XP level 8. HP: 67/70 MP: 7/7
  4586 | D:5      | Found a runed translucent gate.
  4589 | D:5      | Found a basalt altar of Yredelemnul.
  4670 | D:5      | Found a staircase to the Ecumenical Temple.
  4843 | D:5      | 4843 ||| INVOKING Berserk.
  5036 | D:5      | 5036 ||| READING 2 scrolls labelled ZEGAOZ OPTIP.
  5037 | D:5      | 5037 ||| READING scroll of enchant weapon.
  5037 | D:5      | 5037 ||| ENCHANTING +1 hand axe of draining.
  5038 | D:5      | 5038 ||| READING scroll labelled GEL UCINLOENNYRGHO.
  5038 | D:5      | Identified a scroll of acquirement
  5038 | D:5      | 5038 ||| ACQUIRING +2 hat "Yfiline" {rPois}
  5038 | D:5      | Acquired the +2 hat "Yfiline" {rPois}
  5040 | D:5      | 5040 ||| UPGRADING to +2 hat "Yfiline" {rPois}.
  5070 | D:6      | 5070 ||| STAIRDANCE
  5283 | D:6      | 5283 ||| Stepping ~*~*~tactically~*~*~ (hiding).
  5377 | D:6      | 5377 ||| Stepping ~*~*~tactically~*~*~ (stealth).
  5394 | D:6      | 5394 ||| READING scroll of enchant weapon.
  5394 | D:6      | 5394 ||| ENCHANTING +2 hand axe of draining.
  5452 | D:6      | Reached *** piety under Trog
  5461 | D:6      | 5461 ||| INVOKING Berserk.
  5463 | D:6      | Reached skill level 12 in Axes
  5671 | D:6      | 5671 ||| Stepping ~*~*~tactically~*~*~ (stealth).
  5673 | D:6      | 5673 ||| Stepping ~*~*~tactically~*~*~ (stealth).
  5680 | D:6      | Reached skill level 1 in Throwing
  5680 | D:6      | 5680 ||| FLEEEEING.
  5681 | D:6      | 5681 ||| FLEEEEING.
  5682 | D:6      | 5682 ||| FLEEEEING.
  5683 | D:6      | 5683 ||| FLEEEEING.
  5684 | D:6      | 5684 ||| FLEEEEING.
  5685 | D:6      | 5685 ||| FLEEEEING.
  5686 | D:6      | 5686 ||| FLEEEEING.
  5687 | D:6      | 5687 ||| FLEEEEING.
  5688 | D:6      | 5688 ||| FLEEEEING.
  5689 | D:6      | 5689 ||| FLEEEEING.
  5690 | D:6      | 5690 ||| FLEEEEING.
  5691 | D:6      | 5691 ||| FLEEEEING.
  5692 | D:6      | 5692 ||| FLEEEEING.
  5693 | D:6      | 5693 ||| FLEEEEING.
  5694 | D:6      | 5694 ||| FLEEEEING.
  5695 | D:6      | 5695 ||| FLEEEEING.
  5696 | D:6      | 5696 ||| FLEEEEING.
  5697 | D:6      | 5697 ||| FLEEEEING.
  5698 | D:6      | 5698 ||| FLEEEEING.
  5699 | D:6      | 5699 ||| FLEEEEING.
  5700 | D:6      | 5700 ||| FLEEEEING.
  5701 | D:6      | 5701 ||| STAIRDANCE
  5784 | D:5      | 5784 ||| DROPPING orb of guile.
  5785 | D:5      | 5785 ||| READING scroll labelled FIPOLI NIPYRR.
  5944 | D:5      | 5944 ||| READING scroll labelled TAX HAIKHAEMO.
  5945 | D:5      | 5945 ||| READING scroll labelled ZASAZI HENUE.
  5946 | D:5      | 5946 ||| READING 3 scrolls of identify.
  5946 | D:5      | 5946 ||| IDENTIFYING murky red potion
  5947 | D:5      | 5947 ||| READING 2 scrolls of identify.
  5947 | D:5      | 5947 ||| IDENTIFYING lumpy golden potion
  5948 | D:5      | 5948 ||| DROPPING potion of flight.
  5949 | D:5      | 5949 ||| DROPPING potion of invisibility.
  6001 | D:6      | Reached skill level 7 in Fighting
  6001 | D:6      | Reached XP level 9. HP: 78/79 MP: 8/8
  6132 | D:6      | Reached skill level 6 in Armour
  6365 | D:6      | 6365 ||| UPGRADING to +4 ring of protection.
  6402 | D:7      | 6402 ||| PLANNING OSSUARY
  6416 | D:7      | 6416 ||| READING scroll of enchant weapon.
  6416 | D:7      | 6416 ||| ENCHANTING +3 hand axe of draining.
  6568 | D:7      | Found a broken altar of Ashenzari.
  6673 | D:7      | 6673 ||| Stepping ~*~*~tactically~*~*~ (stealth).
  6675 | D:7      | 6675 ||| Stepping ~*~*~tactically~*~*~ (stealth).
  6696 | D:7      | 6696 ||| Stepping ~*~*~tactically~*~*~ (stealth).
  6706 | D:7      | 6706 ||| Stepping ~*~*~tactically~*~*~ (stealth).
  6707 | D:7      | 6707 ||| Stepping ~*~*~tactically~*~*~ (stealth).
  6709 | D:7      | 6709 ||| Stepping ~*~*~tactically~*~*~ (stealth).
  6749 | D:7      | 6749 ||| Stepping ~*~*~tactically~*~*~ (stealth).
  6765 | D:7      | 6765 ||| Stepping ~*~*~tactically~*~*~ (stealth).
  6774 | D:7      | 6774 ||| Stepping ~*~*~tactically~*~*~ (stealth).
  6946 | D:7      | Found a sand-covered staircase.
  6947 | D:7      | 6947 ||| READING scroll labelled IHEALA XOORU.
  7048 | D:7      | 7048 ||| DRINKING 3 dark potions.
  7048 | D:7      | Gained mutation: You expend magic power (3 MP) to
                  | strengthen your wands. [potion of mutation]
  7048 | D:7      | Gained mutation: You have a pair of large horns on your
                  | head. [potion of mutation]
  7048 | D:7      | Gained mutation: Your mind is acute. (Int +4, Str/Dex -1)
                  | [potion of mutation]
  7049 | D:7      | 7049 ||| DROPPING +2 hat "Yfiline" {rPois}.
  7055 | Ossuary  | Entered an ossuary
  7066 | Ossuary  | Reached **** piety under Trog
  7140 | Ossuary  | 7140 ||| Stepping ~*~*~tactically~*~*~ (stealth).
  7344 | Ossuary  | 7344 ||| Stepping ~*~*~tactically~*~*~ (stealth).
  7462 | Ossuary  | 7462 ||| READING 2 scrolls labelled XUCROF BUANET.
  7463 | Ossuary  | 7463 ||| DRINKING 3 orange potions.
  7464 | Ossuary  | 7464 ||| READING 3 scrolls of identify.
  7464 | Ossuary  | 7464 ||| IDENTIFYING fuming coppery potion
  7465 | Ossuary  | 7465 ||| READING 2 scrolls of identify.
  7465 | Ossuary  | 7465 ||| IDENTIFYING black potion
  7466 | Ossuary  | 7466 ||| DROPPING scroll of magic mapping.
  7467 | Ossuary  | 7467 ||| DROPPING potion of berserk rage.
  7468 | Ossuary  | 7468 ||| DROPPING potion of lignification.
  7481 | D:7      | 7481 ||| PLANNING D:1-11
  7544 | D:7      | Reached ***** piety under Trog
  7576 | D:7      | 7576 ||| Stepping ~*~*~tactically~*~*~ (hiding).
  7578 | D:7      | 7578 ||| Stepping ~*~*~tactically~*~*~ (hiding).
  7710 | D:7      | Reached skill level 8 in Fighting
  7818 | D:7      | 7818 ||| READING scroll labelled LOCATO VOTS.
  7852 | D:8      | 7852 ||| READING 3 scrolls of teleportation.
  7930 | D:8      | Found a shadowy altar of Dithmenos.
  7962 | D:8      | 7962 ||| Stepping ~*~*~tactically~*~*~ (stealth).
  7988 | D:8      | Noticed a komodo dragon
  7993 | D:8      | 7993 ||| INVOKING Berserk.
  7995 | D:8      | Killed a komodo dragon
  8015 | D:8      | 8015 ||| Stepping ~*~*~tactically~*~*~ (stealth).
  8095 | D:8      | 8095 ||| INVOKING Berserk.
  8209 | D:8      | 8209 ||| INVOKING Berserk.
  8220 | D:8      | Reached skill level 3 in Throwing
  8314 | D:8      | 8314 ||| Stepping ~*~*~tactically~*~*~ (stealth).
  8324 | D:8      | Reached XP level 10. HP: 82/88 MP: 9/9
  8327 | D:8      | 8327 ||| Stepping ~*~*~tactically~*~*~ (stealth).
  8328 | D:8      | 8328 ||| Stepping ~*~*~tactically~*~*~ (stealth).
  8346 | D:8      | 8346 ||| Stepping ~*~*~tactically~*~*~ (stealth).
  8358 | D:8      | 8358 ||| INVOKING Berserk.
  8468 | D:8      | 8468 ||| Stepping ~*~*~tactically~*~*~ (stealth).
  8495 | D:8      | Found a staircase to the Lair.
  8897 | D:8      | 8897 ||| Stepping ~*~*~tactically~*~*~ (hiding).
  8905 | D:8      | Noticed Grum
  8906 | D:8      | 8906 ||| INVOKING Brothers in Arms.
  8911 | D:8      | 8911 ||| INVOKING Berserk.
  8915 | D:8      | Reached skill level 9 in Fighting
  8920 | D:8      | Killed Grum
  9249 | D:8      | 9249 ||| READING 2 scrolls of identify.
  9249 | D:8      | 9249 ||| IDENTIFYING red potion
  9250 | D:8      | 9250 ||| DROPPING potion of attraction.
  9251 | D:8      | 9251 ||| READING 2 scrolls of teleportation.
  9511 | D:8      | 9511 ||| Stepping ~*~*~tactically~*~*~ (hiding).
  9514 | D:8      | 9514 ||| INVOKING Berserk.
  9516 | D:8      | Reached skill level 3 in Dodging
  9630 | D:8      | 9630 ||| READING scroll of teleportation.
  9667 | D:8      | 9667 ||| Stepping randomly (stuck).
  9668 | D:8      | 9668 ||| Stepping randomly (stuck).
  9669 | D:8      | 9669 ||| Stepping randomly (stuck).
  9670 | D:8      | 9670 ||| Stepping randomly (stuck).
  9672 | D:8      | 9672 ||| Stepping randomly (stuck).
  9673 | D:8      | 9673 ||| Stepping randomly (stuck).
  9703 | D:8      | 9703 ||| INVOKING Berserk.
  9762 | D:8      | 9762 ||| Stepping ~*~*~tactically~*~*~ (hiding).
  9801 | D:8      | 9801 ||| PLANNING LAIR
  9886 | Lair:1   | Entered Level 1 of the Lair of Beasts
  9887 | Lair:1   | Noticed a black mamba
  9889 | Lair:1   | Noticed a cane toad
  9891 | Lair:1   | 9891 ||| INVOKING Berserk.
  9895 | Lair:1   | Killed a black mamba
  9901 | Lair:1   | Killed a cane toad
  9902 | Lair:1   | Reached skill level 10 in Fighting
  9982 | Lair:1   | 9982 ||| Stepping ~*~*~tactically~*~*~ (stealth).
 10094 | Lair:1   | 10094 ||| INVOKING Berserk.
 10097 | Lair:1   | Reached skill level 9 in Armour
 10115 | Lair:1   | Reached skill level 11 in Fighting
 10331 | Lair:1   | 10331 ||| INVOKING Berserk.
 10338 | Lair:1   | Reached XP level 11. HP: 102/102 MP: 10/10
 10624 | Lair:1   | 10624 ||| Stepping ~*~*~tactically~*~*~ (stealth).
 10625 | Lair:1   | 10625 ||| Stepping ~*~*~tactically~*~*~ (stealth).
 10630 | Lair:1   | 10630 ||| INVOKING Berserk.
 10758 | Lair:1   | 10758 ||| Stepping ~*~*~tactically~*~*~ (stealth).
 10823 | Lair:1   | 10823 ||| INVOKING Berserk.
 11039 | Lair:1   | 11039 ||| UPGRADING to amulet of the acrobat.
 11044 | Lair:1   | 11044 ||| READING scroll labelled METOUC CEUTA.
 11071 | Lair:2   | 11071 ||| INVOKING Berserk.
 11089 | Lair:2   | 11089 ||| FLEEEEING.
 11091 | Lair:2   | 11091 ||| FLEEEEING.
 11092 | Lair:2   | 11092 ||| FLEEEEING.
 11093 | Lair:2   | 11093 ||| STAIRDANCE
 11139 | Lair:2   | 11139 ||| INVOKING Berserk.
 11147 | Lair:2   | 11147 ||| STAIRDANCE
 11254 | Lair:2   | 11254 ||| FLEEEEING.
 11255 | Lair:2   | 11255 ||| FLEEEEING.
 11256 | Lair:2   | 11256 ||| STAIRDANCE
 11260 | Lair:2   | 11260 ||| INVOKING Berserk.
 11267 | Lair:2   | Reached skill level 12 in Fighting
 11278 | Lair:2   | 11278 ||| STAIRDANCE
 11394 | Lair:2   | 11394 ||| Stepping ~*~*~tactically~*~*~ (stealth).
 11431 | Lair:2   | Noticed qw's ghost (journeyman MiBe)
 11455 | Lair:2   | 11455 ||| INVOKING Berserk.
 11656 | Lair:2   | 11656 ||| Stepping ~*~*~tactically~*~*~ (stealth).
 11658 | Lair:2   | 11658 ||| Stepping ~*~*~tactically~*~*~ (stealth).
 11662 | Lair:2   | 11662 ||| Stepping ~*~*~tactically~*~*~ (stealth).
 11757 | Lair:2   | 11757 ||| Stepping ~*~*~tactically~*~*~ (stealth).
 11766 | Lair:2   | 11766 ||| Stepping ~*~*~tactically~*~*~ (stealth).
 11778 | Lair:2   | 11778 ||| Stepping ~*~*~tactically~*~*~ (stealth).
 11779 | Lair:2   | 11779 ||| STAIRDANCE
 11894 | Lair:1   | 11894 ||| READING 3 scrolls of identify.
 11894 | Lair:1   | 11894 ||| IDENTIFYING bubbling green potion
 11895 | Lair:1   | 11895 ||| DROPPING potion of degeneration.
 11898 | Lair:2   | 11898 ||| STAIRDANCE
 11979 | Lair:2   | 11979 ||| STAIRDANCE
 12073 | Lair:2   | Reached skill level 13 in Fighting
 12200 | Lair:2   | 12200 ||| INVOKING Berserk.
 12316 | Lair:2   | Found a transporter.
 12317 | Lair:2   | Found a transporter.
 12367 | Lair:2   | 12367 ||| Stepping ~*~*~tactically~*~*~ (stealth).
 12381 | Lair:2   | 12381 ||| INVOKING Berserk.
 12580 | Lair:2   | 12580 ||| READING scroll of enchant weapon.
 12580 | Lair:2   | 12580 ||| ENCHANTING +4 hand axe of draining.
 12646 | Lair:2   | 12646 ||| DROPPING amulet of magic regeneration.
 12647 | Lair:2   | 12647 ||| UPGRADING to +6 ring of strength.
 12648 | Lair:2   | 12648 ||| READING 2 scrolls of identify.
 12648 | Lair:2   | 12648 ||| IDENTIFYING viscous amethyst potion
 12649 | Lair:2   | 12649 ||| DROPPING potion of ambrosia.
 12653 | Lair:3   | Noticed a five-headed hydra
 12653 | Lair:3   | Found a hole to the Spider Nest.
 12654 | Lair:3   | 12654 ||| INVOKING Brothers in Arms.
 12655 | Lair:3   | 12655 ||| SWAPPING to +3 flail of protection.
 12656 | Lair:3   | 12656 ||| INVOKING Berserk.
 12658 | Lair:3   | Killed a five-headed hydra
 12665 | Lair:3   | Reached skill level 14 in Fighting
 12722 | Lair:3   | 12722 ||| SWAPPING to +5 hand axe of draining.
 12828 | Lair:3   | Reached XP level 12. HP: 111/117 MP: 11/11
 12862 | Lair:3   | Reached skill level 12 in Armour
 12932 | Lair:3   | Noticed a six-headed hydra
 12933 | Lair:3   | 12933 ||| INVOKING Brothers in Arms.
 12934 | Lair:3   | 12934 ||| INVOKING Brothers in Arms.
 12936 | Lair:3   | 12936 ||| SWAPPING to +3 flail of protection.
 12937 | Lair:3   | 12937 ||| INVOKING Berserk.
 12939 | Lair:3   | Killed a six-headed hydra
 12940 | Lair:3   | Reached skill level 6 in Dodging
 12959 | Lair:3   | 12959 ||| SWAPPING to +5 hand axe of draining.
 13082 | Lair:3   | 13082 ||| FLEEEEING.
 13083 | Lair:3   | 13083 ||| FLEEEEING.
 13084 | Lair:3   | 13084 ||| FLEEEEING.
 13085 | Lair:3   | 13085 ||| FLEEEEING.
 13086 | Lair:3   | 13086 ||| FLEEEEING.
 13087 | Lair:3   | 13087 ||| FLEEEEING.
 13088 | Lair:3   | 13088 ||| FLEEEEING.
 13089 | Lair:3   | 13089 ||| FLEEEEING.
 13090 | Lair:3   | 13090 ||| FLEEEEING.
 13091 | Lair:3   | 13091 ||| FLEEEEING.
 13092 | Lair:3   | 13092 ||| FLEEEEING.
 13093 | Lair:3   | 13093 ||| FLEEEEING.
 13094 | Lair:3   | 13094 ||| FLEEEEING.
 13095 | Lair:3   | 13095 ||| FLEEEEING.
 13096 | Lair:3   | 13096 ||| INVOKING Berserk.
 13115 | Lair:3   | Noticed a six-headed hydra
 13116 | Lair:3   | 13116 ||| INVOKING Brothers in Arms.
 13117 | Lair:3   | 13117 ||| INVOKING Brothers in Arms.
 13119 | Lair:3   | 13119 ||| SWAPPING to +3 flail of protection.
 13121 | Lair:3   | Killed a six-headed hydra
 13122 | Lair:3   | 13122 ||| SWAPPING to +5 hand axe of draining.
 13199 | Lair:3   | 13199 ||| INVOKING Berserk.
 13412 | Lair:3   | Noticed Fannar
 13413 | Lair:3   | 13413 ||| Stepping ~*~*~tactically~*~*~ (hiding).
 13414 | Lair:3   | 13414 ||| Stepping ~*~*~tactically~*~*~ (hiding).
 13415 | Lair:3   | 13415 ||| Stepping ~*~*~tactically~*~*~ (hiding).
 13416 | Lair:3   | 13416 ||| Stepping ~*~*~tactically~*~*~ (hiding).
 13429 | Lair:3   | Killed Fannar
 13430 | Lair:3   | Reached skill level 15 in Fighting
 13579 | Lair:3   | Found a runed translucent gate.
 13580 | Lair:3   | Found a runed translucent gate.
 13582 | Lair:3   | Found a runed translucent gate.
 13590 | Lair:3   | Noticed qw's ghost (journeyman GrFi)
 13590 | Lair:3   | Noticed a death yak
 13755 | Lair:3   | 13755 ||| FLEEEEING.
 13756 | Lair:3   | 13756 ||| FLEEEEING.
 13757 | Lair:3   | 13757 ||| FLEEEEING.
 13758 | Lair:3   | 13758 ||| FLEEEEING.
 13760 | Lair:3   | 13760 ||| FLEEEEING.
 13762 | Lair:3   | 13762 ||| FLEEEEING.
 13763 | Lair:3   | 13763 ||| FLEEEEING.
 13764 | Lair:3   | 13764 ||| FLEEEEING.
 13765 | Lair:3   | 13765 ||| FLEEEEING.
 13766 | Lair:3   | 13766 ||| FLEEEEING.
 13767 | Lair:3   | 13767 ||| FLEEEEING.
 13768 | Lair:3   | 13768 ||| FLEEEEING.
 13769 | Lair:3   | 13769 ||| FLEEEEING.
 13770 | Lair:3   | 13770 ||| FLEEEEING.
 13771 | Lair:3   | 13771 ||| FLEEEEING.
 13772 | Lair:3   | 13772 ||| FLEEEEING.
 13773 | Lair:3   | 13773 ||| FLEEEEING.
 13774 | Lair:3   | 13774 ||| FLEEEEING.
 13775 | Lair:3   | 13775 ||| FLEEEEING.
 13777 | Lair:3   | 13777 ||| FLEEEEING.
 13777 | Lair:3   | Noticed a six-headed hydra
 13778 | Lair:3   | 13778 ||| INVOKING Brothers in Arms.
 13779 | Lair:3   | 13779 ||| INVOKING Brothers in Arms.
 13780 | Lair:3   | 13780 ||| INVOKING Brothers in Arms.
 13781 | Lair:3   | 13781 ||| INVOKING Brothers in Arms.
 13782 | Lair:3   | 13782 ||| SWAPPING to +3 flail of protection.
 13783 | Lair:3   | 13783 ||| INVOKING Berserk.
 13785 | Lair:3   | Killed a six-headed hydra
 13903 | Lair:3   | 13903 ||| SWAPPING to +5 hand axe of draining.
 13922 | Lair:3   | Found a snail-covered altar of Cheibriados.
 13949 | Lair:3   | 13949 ||| FLEEEEING.
 13950 | Lair:3   | 13950 ||| FLEEEEING.
 13951 | Lair:3   | 13951 ||| FLEEEEING.
 13952 | Lair:3   | 13952 ||| FLEEEEING.
 13954 | Lair:3   | 13954 ||| FLEEEEING.
 13955 | Lair:3   | 13955 ||| INVOKING Berserk.
 14146 | Lair:3   | Found a staircase to the Swamp.
 14326 | Lair:3   | 14326 ||| DRINKING 2 metallic green potions.
 14359 | Lair:4   | 14359 ||| READING scroll of enchant armour.
 14359 | Lair:4   | 14359 ||| ENCHANTING +0 pair of boots.
 14385 | Lair:4   | Noticed a seven-headed hydra
 14389 | Lair:4   | 14389 ||| SWAPPING to +3 flail of protection.
 14390 | Lair:4   | 14390 ||| INVOKING Berserk.
 14395 | Lair:4   | Killed a seven-headed hydra
 14413 | Lair:4   | 14413 ||| SWAPPING to +5 hand axe of draining.
 15393 | Lair:4   | 15393 ||| READING 2 scrolls of identify.
 15393 | Lair:4   | 15393 ||| IDENTIFYING brown potion
 15394 | Lair:4   | 15394 ||| DROPPING potion of brilliance.
 15407 | Lair:5   | Entered Level 5 of the Lair of Beasts
 15409 | Lair:5   | 15409 ||| INVOKING Berserk.
 15415 | Lair:5   | Noticed a five-headed hydra
 15418 | Lair:5   | Found a runed translucent door.
 15419 | Lair:5   | 15419 ||| SWAPPING to +3 flail of protection.
 15420 | Lair:5   | 15420 ||| Stepping ~*~*~tactically~*~*~ (water).
 15425 | Lair:5   | HP: 26/122 [five-headed hydra (11)]
 15426 | Lair:5   | 15426 ||| READING scroll of teleportation.
 15426 | Lair:5   | HP: 7/122 [five-headed hydra (7)]
 15427 | Lair:5   | 15427 ||| DRINKING 2 potions of heal wounds.
 15427 | Lair:5   | Killed from afar by a rime drake

Levels and vault maps discovered:
D:1:      onia_arrival_mini_spirals, layout_rooms, serial_shops,
          nicolae_shop_hallway_stairs, ebering_ecumenical_altar_petrified
D:2:      layout_loops_ring, basic_altar, uniq_terence, uniq_natasha
D:3:      layout_loops_ring, vehumet_statue, lemuel_coloured_pillars_altar,
          gammafunk_ghost_arena, minmay_checkerbox
D:4:      layout_loops_cross, chequers_serial_rivers_micro_a, minivault_25
D:5:      layout_rooms, nicolae_yredelemnul_ghost_church, temple_green,
          chequers_serial_rivers_micro_e
D:6:      layout_loops_ring
D:7:      lemuel_ratsnest, layout_gridville, lemuel_tele_altar,
          nicolae_ossuary_entry_monument
D:8:      layout_gridville, mainiacjoe_overflow_surrounded_room,
          grunt_lair_entry_orc_guard_hut, serial_co_window_serial,
          co_window_cross_1, co_window_corner_a, co_window_paths_b,
          co_window_corner_a, co_window_of_opportunity_a, co_window_paths_b,
          co_window_broadway_c, co_window_broadway_b, co_window_paths_c,
          co_window_corner_ca, co_window_corner_b, co_window_4corner_a,
          co_window_paths_d, uniq_grum
Lair:1:   layout_misc_corridors, serial_rivers, chequers_serial_rivers_small_3,
          chequers_serial_rivers_micro_c, chequers_serial_rivers_small_a,
          chequers_serial_rivers_micro_e, serial_bayou_ford_a,
          beast_lair_carwin_5
Lair:2:   layout_misc_corridors, gammafunk_ghost_hive
Lair:3:   layout_chaotic_city, palyth_hydra_swamp_entry, spider_nest_entry_a,
          gammafunk_ghost_split, kennysheep_snail_temple, uniq_fannar
Lair:4:   wander_river, layout_cellular_growth, lemuel_fruit_fields,
          grunt_megastairs_3
Lair:5:   hellmonk_lair_end_abyssal_woods, layout_cave_pods,
          dpeg_slime_entry_corner, ebering_ghost_reflecting_pool,
          infiniplex_staircase_pool_2, grunt_megastairs_1

Skill      XL: |  1  2  3  4  5  6  7  8  9 10 11 12 |
---------------+-------------------------------------+-----
Axes           | 4 5 6 7 8 9 10 12 14 | 14.0
Fighting       | 4 6 7 8 11 14 15 | 15.8
Armour         | 4 5 6 9 11 13 | 13.2
Throwing       | 1 3 |  3.7
Dodging        | 3 5 6 |  6.0

Action                   |  1- 3 |  4- 6 |  7- 9 | 10-12 || total
-------------------------+-------+-------+-------+-------++-------
Melee: Hand axe          |    52 |   120 |   331 |   357 ||   860
       Headbutt          |     7 |    19 |    45 |    95 ||   166
       Punch             |     1 |       |     2 |     6 ||     9
       Flail             |       |       |       |    27 ||    27
Throw: Javelin           |       |       |    38 |     9 ||    47
Invok: Berserk           |     3 |     4 |     6 |    23 ||    36
       Brothers in Arms  |       |       |       |     5 ||     5
  Use: Scroll            |     3 |     3 |    17 |    10 ||    33
       Potion            |       |     1 |     2 |     2 ||     5
Armor: Animal skin       |     3 |     7 |       |       ||    10
       Scale mail        |       |    30 |     6 |       ||    36
       Plate armour      |       |       |   112 |   173 ||   285
Dodge: Dodged            |    21 |    54 |    74 |   144 ||   293

Table legend:
 A = Non-vault XP
 B = Vault XP
 C = Vault XP percentage of total XP
 D = Non-vault monster count
 E = Vault monster count
 F = Vault count percentage of total count
                 A         B        C        D         E       F
            +---------+---------+-------+---------+---------+-------
      Total |   24739 |    7695 |  23.7 |     246 |     106 |  30.1
            +---------+---------+-------+---------+---------+-------
        D:1 |      25 |       0 |   0.0 |      17 |       0 |   0.0
        D:2 |     180 |      67 |  27.1 |      18 |       2 |  10.0
        D:3 |      50 |       7 |  12.3 |      18 |       4 |  18.2
        D:4 |     622 |       0 |   0.0 |      23 |       0 |   0.0
        D:5 |     890 |      97 |   9.8 |      14 |       2 |  12.5
        D:6 |    1202 |       0 |   0.0 |      25 |       0 |   0.0
        D:7 |     879 |     215 |  19.7 |      18 |      33 |  64.7
        D:8 |    1553 |    1100 |  41.5 |      28 |       7 |  20.0
     Lair:1 |    6018 |     782 |  11.5 |      29 |       5 |  14.7
     Lair:2 |    4897 |       0 |   0.0 |      27 |       0 |   0.0
     Lair:3 |    5168 |    4861 |  48.5 |      19 |      13 |  40.6
     Lair:4 |    2712 |     389 |  12.5 |       8 |       1 |  11.1
     Lair:5 |     543 |       0 |   0.0 |       2 |       0 |   0.0
    Ossuary |       0 |     177 | 100.0 |       0 |      39 | 100.0
            +---------+---------+-------+---------+---------+-------
